 Dungeon Crawl Stone Soup version 0.32-a0-42-ga30500b4d3 (webtiles) character file.

Game seed: 6258703307862562045

28 iamserjio the Gusty (level 3, -5/19 HPs)
             Began as a Tengu Air Elementalist on Feb 3, 2024.
             Killed from afar by an orc wizard (9 damage)
             ... with a magic dart
             ... on level 3 of the Dungeon.
             The game lasted 00:02:22 (444 turns).

iamserjio the Gusty (Tengu Air Elementalist)         Turns: 444, Time: 00:02:23

Health: -5/19      AC:  2    Str:  8    XL:     3   Next: 14%
Magic:  6/7        EV: 12    Int: 17    God:
Gold:   52         SH:  0    Dex: 14    Spells: 4/7 levels left

rFire   . . .        d - +2 sling (heavy)
rCold   . . .        (no shield)
rNeg    . . .        a - +0 robe
rPois   .            (helmet restricted)
rElec   .            (no cloak)
rCorr   .            (no gloves)
SInv    .            (boots unavailable)
Will    .....        (no amulet)
Stlth   ++           (no ring)
HPRegen 0.23/turn    (no ring)
MPRegen 0.10/turn

%: acrobat
@: brilliant
A: beak, talons 3, acrobatic
a: no special abilities


You were on level 3 of the Dungeon.
You visited 1 branch of the dungeon, and saw 3 of its levels.

You collected 52 gold pieces.

Inventory:

Hand Weapons
 d - a +2 heavy sling (weapon)
Missiles
 e - 2 poisoned darts
Armour
 a - a +0 robe (worn)
Scrolls
 c - a scroll of poison {unknown}
 g - a scroll of fear {unknown}
Potions
 b - a potion of magic


   Skills:
 - Level 2.1 Dodging
 - Level 2.0 Stealth
 + Level 2.5 Spellcasting
 + Level 2.4 Conjurations
 + Level 4.6 Air Magic


You had 4 spell levels left.
You knew the following spells:

 Your Spells              Type           Power      Damage    Failure   Level
a - Shock                 Conj/Air       84%        1d8       4%          1
b - Static Discharge      Conj/Air       42%        3-5/arc   6%          2

Your spell library contained the following spells:

 Spells                   Type           Power      Damage    Failure   Level
 Swiftness                Air            26%        N/A       9%          3
 Sting                    Conj/Alch      36%        1d5       11%         1
 Apportation              Tloc           6%         N/A       19%         1
 Necrotise                Necr           12%        1d4       19%         1
 Slow                     Hex            12%        N/A       19%         1
 Summon Small Mammal      Summ           12%        N/A       19%         1
 Ensorcelled Hibernation  Hex/Ice        6%         N/A       28%         2
 Airstrike                Air            13%        2d(2-18)  28%         4
 Confusing Touch          Hex            3%         N/A       50%         3
 Fugue of the Fallen      Necr           3%         N/A       50%         3
 Sigil of Binding         Hex            3%         N/A       50%         3
 Vampiric Draining        Necr           3%         2d6       50%         3
 Anguish                  Hex/Necr       1%         N/A       88%         4


Dungeon Overview and Level Annotations

Branches:
Dungeon (3/15) Zot: 17509

Altars:

Annotations:
D:3 Jessica


Innate Abilities, Weirdness & Mutations

You have a beak for a mouth.
You have claws for feet.
You can magically evade attacks while moving or waiting.


Message History

There is an entrance to a sewer on this level.
Hurry and find it before the portal rusts away!
Reactivating autopickup.
There is a stone staircase leading up here.
Okay, then.
Something barely misses you.
You hear some strange, mumbled words.
Deactivating autopickup; reactivate with Ctrl-A.
You are confused.
Jessica shouts!
It was a potion of brilliance.
You feel clever all of a sudden.
The rat squeaks loudly.
The bat hits you but does no damage. x2
Jessica gestures wildly while chanting.
Jessica blinks!
You're too confused to move!
The bat barely misses you. Something hits you.
An orc comes into view. It is wielding a +0 flail.
You barely miss Jessica. Something hits you but does no damage.
Jessica casts a spell.
Jessica blinks!
You hear some strange, mumbled words.
A magic dart appears from out of thin air!
The magic dart hits you.
A magic dart appears from out of thin air!
The magic dart hits you!
* * * LOW HITPOINT WARNING * * *
You bump into the rock wall.
You feel less confused.
You feel a surge of power!
Something is struck by an arc of lightning.
You are struck by an arc of lightning.
* * * LOW HITPOINT WARNING * * *
Something is struck by an arc of lightning.
You are struck by an arc of lightning.
* * * LOW HITPOINT WARNING * * *
The lightning grounds out.
You hear some strange, mumbled words.
A magic dart appears from out of thin air!
The magic dart hits you!
You die...

#.# #.# #.#
#.# #.# #.#
#.#########.#
#@##......o.#
#.{br<.......
####.########
#.# #.# #.#
#.# #.# #.#


You could see a bat and a rat.

Vanquished Creatures
  2 dart slugs
  A ribbon worm (D:2)
  2 orcs (D:2)
  2 ball pythons (D:2)
  An endoplasm (D:2)
  A giant cockroach (D:1)
  3 goblins (D:1)
  A hobgoblin (D:1)
  2 quokkas (D:1)
  2 bats (D:1)
  A kobold (D:2)
  2 rats
20 creatures vanquished.

Notes
Turn   | Place    | Note
-------+----------+-------------------------------------------
     0 | D:1      | iamserjio the Tengu Air Elementalist began the quest for
                  | the Orb.
     0 | D:1      | Reached XP level 1. HP: 10/10 MP: 4/4
   115 | D:2      | Reached XP level 2. HP: 15/15 MP: 6/6
   130 | D:2      | Learned a level 2 spell: Static Discharge
   396 | D:2      | Reached XP level 3. HP: 19/19 MP: 7/7
   435 | D:3      | Noticed Jessica
   444 | D:3      | Killed from afar by an orc wizard

Illustrated notes

Levels and vault maps discovered:
D:1:      spicycebolla_arrival_ecumenical, layout_loops_corners
D:2:      layout_basic, minmay_ruptured
D:3:      layout_loops_ring, mainiacjoe_sewer_entry_somewhere_in_here_1,
          cheibrodos_gnoll_hut, uniq_jessica, uniq_robin

Skill      XL: |  1  2 |
---------------+-------+-----
Conjurations   | 2 |  2.4
Dodging        | |  2.1
Stealth        | |  2.0
Spellcasting   | |  2.5
Air Magic      | |  4.6

Action                     || total
---------------------------++-------
  Melee: Sling             ||     1
   Fire: Sling             ||    42
   Cast: Static Discharge  ||     1
    Use: Potion            ||     1
 Armour: Robe              ||    13
  Dodge: Dodged            ||    10

Table legend: (Time is in decaauts)
 A = Elapsed time spent in this place.
 B = Non-inter-level travel time spent in this place.
 C = Inter-level travel time spent in this place.
 D = Time resting spent in this place.
 E = Time spent auto-exploring this place.
 F = Levels seen in this place.
 G = Mean time per level.
                   A        B        C        D        E       F      G
               +--------+--------+--------+--------+--------+-----+--------+
         Total |    489 |    360 |    129 |      0 |     84 |   3 |  163.0 |
       Dungeon |    489 |    360 |    129 |      0 |     84 |   3 |  163.0 |
               +--------+--------+--------+--------+--------+-----+--------+

Top non-repeatable levels by time:
     D:1: 264 daAuts
     D:2: 215 daAuts
     D:3: 9 daAuts
